 Dungeon Crawl Stone Soup version 0.32-a0-18-g89e19f1974 (webtiles) character file.

Game seed: 6764568380507602125

1341 kae the Destroyer (level 8, 0/41 HPs)
             Began as a Tengu Fire Elementalist on Jan 16, 2024.
             Was an Initiate of Vehumet.
             Succumbed to Duvessa's poison
             ... on level 6 of the Dungeon.
             The game lasted 00:06:17 (5950 turns).

kae the Destroyer (Tengu Fire Elementalist)         Turns: 5950, Time: 00:06:18

Health: 0/41       AC:  7    Str:  9    XL:     8   Next: 62%
Magic:  1/15       EV: 16    Int: 24    God:    Vehumet [......]
Gold:   161        SH:  0    Dex: 14    Spells: 4/16 levels left

rFire   . . .        h - +1 quarterstaff (freeze)
rCold   . . .        (shield currently unavailable)
rNeg    . . .        a - +1 robe
rPois   .            (helmet restricted)
rElec   +            (no cloak)
rCorr   +            (no gloves)
SInv    +            (boots unavailable)
Will    .....        (no amulet)
Stlth   ++           O - +4 ring of protection
HPRegen 0.26/turn    r - ring of the Pharaoh's Fist {^Drain rElec rCorr Int+6 SInv}
MPRegen 0.14/turn

%: acrobat
@: lethally poisoned (0 -> -36), flying
A: beak, talons 3, evasive flight, acrobatic
a: Renounce Religion


You were on level 6 of the Dungeon.
You worshipped Vehumet.
Vehumet was noncommittal.
You visited 2 branches of the dungeon, and saw 7 of its levels.

You collected 242 gold pieces.
You spent 81 gold pieces at shops.


Innate Abilities, Weirdness & Mutations

You have a beak for a mouth.
You have claws for feet.
Your magical flight helps you evade attacks. (EV +4)
You can magically evade attacks while moving or waiting.


   Skills:
 - Level 2.1 Dodging
 - Level 2.0 Stealth
 + Level 4.5 Spellcasting
 * Level 8.5 Conjurations
 * Level 7.9 Fire Magic


You had 4 spell levels left.
You knew the following spells:

 Your Spells              Type           Power      Damage    Failure   Level
a - Foxfire               Conj/Fire      100%       2x1d9     1%          1
b - Scorch                Fire           86%        2d8       1%          2
c - Inner Flame           Hex/Fire       24%        N/A       5%          3
d - Flame Wave            Conj/Fire      44%        2d11      3%          4
e - Cigotuvi's Dreadful   Necr/Alch/Air  10%        N/A       14%         2

Your spell library contained the following spells:

 Spells                   Type           Power      Damage    Failure   Level
 Volatile Blastmotes      Fire/Tloc      48%        2d14      5%          3
 Dispel Undead            Necr           5%         3d7       67%         4
 Martyr's Knell           Necr/Summ      5%         N/A       67%         4
 Death Channel            Necr           2%         N/A       100%        6
 Haunt                    Necr/Summ      2%         N/A       100%        7
 Borgnjor's Revivificati  Necr           2%         N/A       100%        8
 Death's Door             Necr           2%         N/A       100%        9

Inventory:

Hand Weapons
 h - a +1 quarterstaff of freezing (weapon)
   (You found it on level 1 of the Dungeon)
Missiles
 f - 33 stones
 j - a throwing net {=f!f}
 q - 5 curare-tipped darts {=f}
Armour
 a - a +1 robe (worn)
 k - a +0 buckler
   (You found it on level 5 of the Dungeon)
 s - a scarf of invisibility
   (You found it on level 3 of the Dungeon)
Magical Staves
 p - a staff of fire {!a}
   (You found it on level 3 of the Dungeon)
Jewellery
 r - the ring of the Pharaoh's Fist (right hand) {^Drain rElec rCorr Int+6 SInv}
   (You acquired it on level 3 of the Dungeon)

   [ring of see invisible]

   Int+6:     It affects your intelligence (+6).
   rElec:     It insulates you from electricity.
   SInv:      It lets you see invisible.
   rCorr:     It protects you from acid and corrosion.
   ^Drain:    It drains your maximum health when unequipped.
 C - a ring of protection from cold
   (You found it on level 1 of the Dungeon)
 O - a +4 ring of protection (left hand)
   (You found it on level 5 of the Dungeon)
Wands
 y - a wand of paralysis (8)
   (You took it off Ijyb on level 5 of the Dungeon)
Scrolls
 i - 3 scrolls of blinking {!r}
 l - 2 scrolls of teleportation {@r4}
 m - 2 scrolls of vulnerability {!r!r}
 u - a scroll of butterflies
 w - a scroll of identify {@r1}
Potions
 b - a potion of magic
 c - 3 potions of curing {@q1}
 d - 3 potions of degeneration {!q}
 e - a potion of resistance
 g - 2 potions of might
 n - 2 potions of enlightenment
 o - a potion of attraction {!q}
 t - 2 potions of cancellation
 v - a potion of invisibility
 x - 2 potions of heal wounds {@q2}
 z - a potion of haste {unknown}
 A - a potion of mutation {!q}

Dungeon Overview and Level Annotations

Branches:
Dungeon (6/15) Zot: 26833  Temple (1/1) D:4 Zot: 5981

Altars:
Ashenzari
Dithmenos
Elyvilon
Fedhas
Hepliaklqana
Kikubaaqudgha
Nemelex Xobeh
Qazlal
Vehumet
Wu Jian
Xom
Yredelemnul
Zin
The Shining One

Shops:
D:3

* #.# ##### #.# ...######
#.# ##.......# #.#
......#.# #.#
##.##.#.###.#
##e..........#######.#
#......o....)).......#
#.#......##ยงยง#@.#####..
#.#.###.###..)......ยง.
..... #.# #.##..######
.#.#..##.# #.##..#
..#.#..##.# #.....# e
#.>.....# #..##.# .
###...... ... ..# #. .##
##


You could see an orc warrior.


Message History

Confirm with . or Enter, or press ? or * to list all spells.
Flames lash Dowan.
Dowan's fire resistance burns away.
Dowan casts a spell.
Dowan blinks! ๐Ÿ˜• HP[+1] MP[-2]
You lost 2 mp, and now have 10/15 mp.
Casting: Scorch (safe; 1% risk of failure)
Confirm with . or Enter, or press ? or * to list all spells.
You can't see any susceptible monsters within range! (Use Z to cast anyway.)
You start resting.
Dowan is nearby!
Casting: Scorch (safe; 1% risk of failure)
Confirm with . or Enter, or press ? or * to list all spells.
Flames lash Dowan.
Dowan is burned terribly!
You kill Dowan!
Vehumet accepts your kill.
You hear a distant scream of rage. ๐Ÿ˜• MP[-1]
You lost 1 mp, and now have 9/15 mp.
Casting: Scorch (safe; 1% risk of failure)
Confirm with . or Enter, or press ? or * to list all spells.
You can't see any susceptible monsters within range! (Use Z to cast anyway.)
You start resting. ๐Ÿ˜Ž HP[+2]
Your hp is fully restored (41).
You start resting. ๐Ÿ˜Ž MP[+3]
You regained 3 mp, and now have 12/15 mp.
You start resting.
Duvessa, Sister of Dowan comes into view.
She is wielding a +2 short sword of venom.
Casting: Scorch (safe; 1% risk of failure)
Confirm with . or Enter, or press ? or * to list all spells.
You conjure some foxfire!
Duvessa goes berserk!
The foxfire hits Duvessa but does no damage. x2 ๐Ÿ˜Ž MP[-1]
You lost 1 mp, and now have 11/15 mp.
Casting: Foxfire (safe; 1% risk of failure)
Confirm with . or Enter, or press ? or * to list all spells.
You conjure some foxfire!
Casting: Foxfire (safe; 1% risk of failure)
Confirm with . or Enter, or press ? or * to list all spells.
Casting: Flame Wave (dangerous; 3% risk of failure)
Press: ? - help, Dir - look around, f - activate A wave of flame ripples out! (Press . to intensify the flame waves.)
The foxfire hits Duvessa.
Duvessa completely misses you. ๐Ÿ˜Ž MP[-4]
You lost 4 mp, and now have 7/15 mp.
A wave of flame ripples out!
The flame wave engulfs Duvessa!
Duvessa closely misses you. ๐Ÿ˜Ž MP[-1]
You lost 1 mp, and now have 6/15 mp.
A wave of flame ripples out!
The flame wave engulfs Duvessa!
You finish channelling waves of flame.
You hear a shout!
Duvessa hits you with a +2 short sword of venom.
You are poisoned.
Duvessa completely misses you. ๐Ÿ˜• HP[-4] MP[-1]
You take 4 damage, and now have 37/41 hp.
You lost 1 mp, and now have 5/15 mp.
Casting: Flame Wave (dangerous; 3% risk of failure)
Confirm with . or Enter, or press ? or * to list all spells.
Casting: Flame Wave (dangerous; 3% risk of failure)
Press: ? - help, Dir - look around, f - activate A wave of flame ripples out!
The flame wave engulfs Duvessa. (Press . to intensify the flame waves.)
You feel sick.
Duvessa barely misses you. ๐Ÿ˜• HP[-2] MP[-4]
You take 2 damage, and now have 35/41 hp.
You lost 4 mp, and now have 1/15 mp.
A wave of flame ripples out!
The flame wave engulfs Duvessa!!
You feel sick. Duvessa barely misses you. Duvessa misses you. ๐Ÿ˜• MP[-1]
You lost 1 mp, and now have 0/15 mp.
Without enough magic to sustain them, the waves of flame dissipate.
You feel sick.
Duvessa hits you with a +2 short sword of venom! ๐Ÿ˜ฎ HP[-14]
You take 14 damage, and now have 21/41 hp.
MASSIVE DAMAGE!! (PAUSE)
Okay, then.
Unknown command.
You barely miss Duvessa. Your peck misses Duvessa.
You feel sick. Duvessa closely misses you. Duvessa hits you but does no damage.
You are more poisoned. ๐Ÿ˜จ HP[-2] MP[+1]
You take 2 damage, and now have 19/41 hp.
You barely miss Duvessa. You claw Duvessa, but do no damage.
You feel sick. Duvessa hits you but does no damage.
You are more poisoned.
Duvessa hits you with a +2 short sword of venom!
* * * LOW HITPOINT WARNING * * *
You are more poisoned.
An orc warrior comes into view. It is wielding a +0 battleaxe.
You hit Duvessa. You freeze Duvessa.
You kill Duvessa!
Vehumet accepts your kill.
You die...

Skill      XL: |  1  2  3  4  5  6  7  8 |
---------------+-------------------------+-----
Conjurations   | 2 3 4 5 7 8 |  8.5
Fire Magic     | 4 5 6 7 |  7.9
Spellcasting   | 3 4 |  4.5
Dodging        | |  2.1
Stealth        | |  2.0

Action                     |  1- 3 |  4- 6 |  7- 9 || total
---------------------------+-------+-------+-------++-------
  Melee: Unarmed           |     5 |       |       ||     5
         Kick              |     2 |     6 |     4 ||    12
         Quarterstaff      |       |    21 |    11 ||    32
         Peck              |       |     3 |       ||     3
   Cast: Foxfire           |    50 |   117 |    34 ||   201
         Scorch            |     7 |     9 |    22 ||    38
         Flame Wave        |       |       |     4 ||     4
    Use: Scroll            |     4 |    13 |     5 ||    22
         Potion            |       |     1 |       ||     1
 Armour: Robe              |    25 |    31 |    15 ||    71
  Dodge: Dodged            |    58 |    52 |    32 ||   142

Levels and vault maps discovered:
D:1:      heliophobic_arrival_battle_scene, layout_basic,
          hellmonk_ecumenical_altar_zigzags, corexii_leaking_fountain
D:2:      minmay_skewed_foursquare, layout_basic, uniq_jessica, uniq_robin,
          uniq_crazy_yiuf_cottage
D:3:      layout_basic, mainiacjoe_overflow_small_starburst, tso_oasis_becter,
          serial_shops, nicolae_shop_tiny_real_fake_doors, uniq_natasha
D:4:      layout_basic, mainiacjoe_overflow_surrounded_room,
          minmay_temple_entry_fiery
D:5:      layout_loops_cross, amcnicky_altar_gilded,
          nicolae_overflow_hidden_temple, uniq_ijyb
D:6:      layout_loops_ring, led_sif_book,
          nicolae_gozag_cash_rules_everything_around_me, kennysheep_mini,
          kennysheep_mini_moat, minmay_small_thing, uniq_duvessa
Temple:   nicolae_temple_superstar

Notes
Turn   | Place    | Note
-------+----------+-------------------------------------------
     0 | D:1      | kae the Tengu Fire Elementalist began the quest for the
                  | Orb.
     0 | D:1      | Reached XP level 1. HP: 10/10 MP: 4/4
     0 | D:1      | magus.rc [v1.11.3]
   166 | D:1      | Reached skill level 2 in Conjurations
   166 | D:1      | Reached XP level 2. HP: 15/15 MP: 1/6
   518 | D:1      | Found a faded altar of an unknown god.
  1168 | D:2      | Learned a level 2 spell: Scorch
  1182 | D:2      | Noticed Robin
  1230 | D:1      | Reached XP level 3. HP: 12/19 MP: 0/7
  1555 | D:2      | Killed Robin
  1556 | D:2      | Reached skill level 4 in Fire Magic
  1633 | D:2      | Reached skill level 3 in Conjurations
  1696 | D:2      | You pick up a book of Decay and begin reading...
  1696 | D:2      | You add the spells Cigotuvi's Dreadful Rot, Dispel Undead,
                  | Martyr's Knell and Death Channel to your library.
  1729 | D:2      | Noticed Jessica
  1737 | D:2      | Killed Jessica
  1738 | D:2      | Reached XP level 4. HP: 22/24 MP: 3/8
  2094 | D:2      | You fall into a shaft and drop 1 floor!
  2541 | D:3      | Found a glowing golden altar of the Shining One.
  2615 | D:3      | Noticed Natasha
  2621 | D:3      | Killed Natasha
  2622 | D:3      | Reached skill level 4 in Conjurations
  2622 | D:3      | Reached XP level 5. HP: 27/28 MP: 5/10
  2678 | D:3      | Found a blossoming altar of Fedhas.
  2801 | D:3      | Found Itoelogg's Assorted Antiques.
  2805 | D:3      | Bought a bubbling emerald potion for 15 gold pieces
  2805 | D:3      | Bought a silvery potion for 15 gold pieces
  2805 | D:3      | Bought 2 scrolls labelled RIACREK GUDID for 34 gold pieces
  2805 | D:3      | Bought a scroll labelled IMUHEO ESIRCH for 17 gold pieces
  2807 | D:3      | Identified a scroll of acquirement
  2807 | D:3      | Acquired the ring of the Pharaoh's Fist {^Drain rElec rCorr
                  | Int+6 SInv}
  3241 | D:3      | Noticed Natasha
  3248 | D:3      | Killed Natasha
  3265 | D:3      | Noticed Natasha
  3283 | D:3      | Killed Natasha
  3284 | D:3      | Reached skill level 5 in Fire Magic
  3615 | D:4      | Reached skill level 3 in Spellcasting
  3615 | D:4      | Reached XP level 6. HP: 32/32 MP: 5/11
  3622 | D:4      | Reached skill level 5 in Conjurations
  3747 | D:4      | Found a sparkling altar of Nemelex Xobeh.
  3771 | D:4      | magus.rc [v1.11.3]
  4140 | D:4      | HP: 11/48 [gnoll/+0 spear (6)]
  4319 | D:4      | Gained mutation: Your magical flight helps you evade
                  | attacks. (EV +4) [Tengu growth]
  4319 | D:4      | Reached XP level 7. HP: 36/36 MP: 5/13
  4446 | D:4      | Reached skill level 6 in Conjurations
  4446 | D:4      | Reached skill level 6 in Fire Magic
  4622 | D:4      | Found a staircase to the Ecumenical Temple.
  4628 | Temple   | Entered the Ecumenical Temple
  4637 | Temple   | Became a worshipper of Vehumet
  4690 | D:5      | Entered Level 5 of the Dungeon
  4701 | D:5      | Learned a level 3 spell: Inner Flame
  4706 | D:5      | Learned a level 4 spell: Flame Wave
  4709 | D:5      | Learned a level 2 spell: Cigotuvi's Dreadful Rot
  4718 | D:5      | Noticed a hornet
  4724 | D:5      | Killed a hornet
  4725 | D:5      | Reached skill level 7 in Conjurations
  4844 | D:5      | Reached skill level 4 in Spellcasting
  4844 | D:5      | Reached XP level 8. HP: 41/41 MP: 2/15
  4857 | D:5      | Reached skill level 7 in Fire Magic
  5195 | D:5      | Noticed Ijyb
  5200 | D:5      | Killed Ijyb
  5303 | D:5      | You add the spells Haunt, Borgnjor's Revivification and
                  | Death's Door to your library.
  5705 | D:5      | Found a broken altar of Ashenzari.
  5754 | D:5      | Found an ornate altar of the Wu Jian Council.
  5756 | D:5      | Found a white marble altar of Elyvilon.
  5808 | D:6      | Reached skill level 8 in Conjurations
  5854 | D:6      | Noticed Dowan
  5913 | D:6      | Killed Dowan
  5937 | D:6      | Noticed Duvessa
  5949 | D:6      | HP: 10/41 [Duvessa/+2 short sword of venom (8)]
  5950 | D:6      | Killed Duvessa
  5950 | D:6      | Succumbed to Duvessa's poison

Vanquished Creatures
  A hornet (D:5)
  Duvessa (D:6)
  A water moccasin (D:5)
  2 ogres
  A phantom (D:5)
  2 scorpions (D:4)
  Dowan (D:6)
  A bombardier beetle (D:5)
  A hound (D:4)
  2 orc priests
  A gnoll bouda (D:4)
  Ijyb (D:5)
  Jessica (D:2)
  A sleepcap (D:6)
  3 iguanas (D:5)
  Natasha (thrice) (D:3)
  An orc wizard (D:6)
  Robin (D:2)
  7 gnolls (D:4)
  4 adders
  A dart slug (D:2)
  4 ribbon worms
  9 orcs
  8 endoplasms
  4 giant cockroaches
  13 goblins
  7 hobgoblins
  6 jackals (D:1)
  2 quokkas
  A ball python (D:4)
  8 bats
  3 frilled lizards
  3 kobolds (D:3)
  4 rats
109 creatures vanquished.

Vanquished Creatures (collateral kills)
  2 foxfires (D:3)
2 creatures vanquished.

Vanquished Creatures (others)
  336 foxfires
336 creatures vanquished.

Grand Total: 447 creatures vanquished

Table legend:
 A = Non-vault XP
 B = Vault XP
 C = Vault XP percentage of total XP
 D = Non-vault monster count
 E = Vault monster count
 F = Vault count percentage of total count
                 A         B        C        D         E       F
            +---------+---------+-------+---------+---------+-------
      Total |    1691 |     374 |  18.1 |      86 |      23 |  21.1
            +---------+---------+-------+---------+---------+-------
        D:1 |      23 |       8 |  25.8 |      14 |       4 |  22.2
        D:2 |      12 |      77 |  86.5 |       6 |      15 |  71.4
        D:3 |     120 |      35 |  22.6 |      20 |       1 |   4.8
        D:4 |     395 |       0 |   0.0 |      26 |       0 |   0.0
        D:5 |     904 |      38 |   4.0 |      16 |       1 |   5.9
        D:6 |     237 |     216 |  47.7 |       4 |       2 |  33.3
            +---------+---------+-------+---------+---------+-------

Skill      XL: |  1  2  3  4  5  6  7  8 |
---------------+-------------------------+-----
Conjurations   | 2 3 4 5 7 8 |  8.5
Fire Magic     | 4 5 6 7 |  7.9
Spellcasting   | 3 4 |  4.5
Dodging        | |  2.1
Stealth        | |  2.0

Action                     |  1- 3 |  4- 6 |  7- 9 || total
---------------------------+-------+-------+-------++-------
  Melee: Unarmed           |     5 |       |       ||     5
         Kick              |     2 |     6 |     4 ||    12
         Quarterstaff      |       |    21 |    11 ||    32
         Peck              |       |     3 |       ||     3
   Cast: Foxfire           |    50 |   117 |    34 ||   201
         Scorch            |     7 |     9 |    22 ||    38
         Flame Wave        |       |       |     4 ||     4
    Use: Scroll            |     4 |    13 |     5 ||    22
         Potion            |       |     1 |       ||     1
 Armour: Robe              |    25 |    31 |    15 ||    71
  Dodge: Dodged            |    58 |    52 |    32 ||   142

Illustrated notes

Table legend:
 A = Kills in this place as a percentage of kills in the entire game.
 B = Kills by you in this place as a percentage of kills by you in the entire game.
 C = Kills by friends in this place as a percentage of kills by friends in the entire game.
 D = Other kills in this place as a percentage of other kills in the entire game.
 E = Experience gained in this place as a percentage of experience gained in the entire game.
 F = Experience gained in this place divided by the number of levels of this place that you have seen.
                   A       B       C       D       E      F
               +-------+-------+-------+-------+-------+----------------------
         Total | 100.0 | 100.0 |   N/A |   N/A | 100.0 | 295.0
       Dungeon | 100.0 | 100.0 |   N/A |   N/A | 100.0 | 344.2
               +-------+-------+-------+-------+-------+----------------------

Table legend: (Time is in decaauts)
 A = Elapsed time spent in this place.
 B = Non-inter-level travel time spent in this place.
 C = Inter-level travel time spent in this place.
 D = Time resting spent in this place.
 E = Time spent auto-exploring this place.
 F = Levels seen in this place.
 G = Mean time per level.
                   A        B        C        D        E       F      G
               +--------+--------+--------+--------+--------+-----+--------+
         Total |   5977 |   5796 |    181 |    381 |   4497 |   7 |  853.9 |
       Dungeon |   5958 |   5787 |    171 |    381 |   4497 |   6 |  993.0 |
        Temple |     18 |      9 |      9 |      0 |      0 |   1 |   18.0 |
               +--------+--------+--------+--------+--------+-----+--------+

Top non-repeatable levels by time:
     D:1: 1472 daAuts
     D:4: 1219 daAuts
     D:5: 1047 daAuts
     D:2: 1045 daAuts
     D:3: 1033 daAuts
     D:6: 139 daAuts
  Temple: 18 daAuts
